 Dungeon Crawl Stone Soup version 0.30-a0-778-g2ef04afb54 (webtiles) character file.

Game seed: 8382107886484089333

303614 dolemite99 the Warrior (level 22, -1/171 HPs)
             Began as a Djinni Conjurer on Feb 15, 2023.
             Was an Elder of Fedhas.
             Slain by a jiangshi (3 damage)
             ... summoned by a skeletal warrior
             ... on level 1 of the Crypt on Feb 17, 2023.
             The game lasted 02:55:17 (80682 turns).

dolemite99 the Warrior (Djinni Conjurer)           Turns: 80682, Time: 02:55:18

Health: -1/171     AC: 21    Str:  6    XL:     22   Next: 1%
Gold:   1215       EV: 20    Int: 38    God:    Fedhas [****..] SH: 15 Dex: 19

rFire   + + +      SeeInvis .    b - +9 scimitar (heavy)
rCold   + . .      Faith    +    P - +1 kite shield {AC+3}
rNeg    . . .      Spirit   .    q - +5 leather armour of the Thinker {rC+ Will+ Regen+}
rPois   ∞          Reflect  .    A - +2 helmet
rElec   +          Harm     .    t - scarf {repulsion}
rCorr   .          Rampage  .    R - +2 pair of gloves {hurl}
Will    +++..                    (boots unavailable)
Stlth   ++++                     o - amulet of faith
HPRegen 1.28/turn                v - ring of Muiwyedi {rF++ Will- AC+4 Int+8 Stlth+}
MPRegen 0.00/turn                z - ring "Ureno" {rElec rF+ rC+ Will+ Dex+6}

@: flying, repel missiles
A: sickness immunity, fire resistance 2, cold vulnerability 1, float, innate
caster, HP casting, extra vitality 1
}: 2/15 runes: decaying, serpentine
a: Renounce Religion, Wall of Briars, Grow Ballistomycete, Overgrow


You were on level 1 of the Crypt.
You worshipped Fedhas.
Fedhas was greatly pleased with you.
You visited 8 branches of the dungeon, and saw 36 of its levels.
You visited 1 bazaar.

You collected 3733 gold pieces.
You spent 2518 gold pieces at shops.

Inventory:

Hand Weapons
 b - a +9 heavy scimitar (weapon)
 j - the +8 rapier "Bakeasur" {vamp, rElec Str+3 Dex-4}
   (You took it off a naga on level 2 of the Snake Pit)

   Str:       It affects your strength (+3).
   Dex:       It affects your dexterity (-4).
   rElec:     It insulates you from electricity.
 k - the +6 rapier of the Vulture {flame, rC+ Will+ Dex+3 Stlth+}
   (You found it on level 4 of the Swamp)

   Dex:       It affects your dexterity (+3).
   rC:        It protects you from cold.
   Will:      It increases your willpower.
   Stlth:     It makes you more stealthy.
 Z - the +8 Vampire's Tooth {megavamp}
   (You found it on level 1 of the Depths)
Missiles
 e - 7 curare-tipped darts
 C - 8 boomerangs (quivered)
 I - 52 poisoned darts
 J - 5 throwing nets
 L - 12 javelins
Armour
 c - the +0 cloak of the Hart {rElec rPois Str-3 Int+5}
   (You found it on level 2 of the Lair of Beasts)

   Str:       It affects your strength (-3).
   Int:       It affects your intelligence (+5).
   rElec:     It insulates you from electricity.
   rPois:     It protects you from poison.
 q - the +5 leather armour of the Thinker (worn) {rC+ Will+ Regen+}
   (You found it on level 3 of the Dungeon)

   rC:        It protects you from cold.
   Regen:     It increases your rate of health regeneration.
   Will:      It increases your willpower.
 t - a scarf of repulsion (worn)
 A - a +2 helmet (worn)
 P - a +1 kite shield of protection (worn)
 R - a +2 pair of gloves of hurling (worn)
Magical Staves
 a - a staff of conjuration
 w - a staff of cold
Jewellery
 g - a ring of willpower
 i - a ring of protection from fire
 o - an amulet of faith (around neck)
 p - a +5 ring of evasion
 u - a ring of resist corrosion
 v - the ring of Muiwyedi (left hand) {rF++ Will- AC+4 Int+8 Stlth+}
   (You acquired it on level 1 of the Depths)

   [ring of protection]

   AC:        It affects your AC (+4).
   Int:       It affects your intelligence (+8).
   rF:        It greatly protects you from fire.
   Will:      It decreases your willpower.
   Stlth:     It makes you more stealthy.
 z - the ring "Ureno" (right hand) {rElec rF+ rC+ Will+ Dex+6}
   (You found it on level 7 of the Dungeon)

   [ring of dexterity]

   Dex:       It affects your dexterity (+6).
   rF:        It protects you from fire.
   rC:        It protects you from cold.
   rElec:     It insulates you from electricity.
   Will:      It increases your willpower.
 Q - a ring of ice
Wands
 h - a wand of mindburst (3)
 s - a wand of digging (29)
 y - a wand of paralysis (6)
 K - a wand of polymorph (16)
 O - a wand of roots (8)
 S - a wand of flame (13)
 Y - a wand of acid (2)
Scrolls
 l - 11 scrolls of identify {@r1}
 n - a scroll of fear
 G - a scroll of fog
 H - 3 scrolls of silence
 V - 4 scrolls of vulnerability
Potions
 f - 4 potions of curing
 m - 3 potions of brilliance
 B - 2 potions of haste
 D - 2 potions of cancellation
 E - 10 potions of attraction
 F - 5 potions of ambrosia
 N - 4 potions of might
 T - 2 potions of berserk rage
 W - a potion of resistance
Miscellaneous
 r - a lightning rod (4/4)
 x - a phial of floods
 U - a tin of tremorstones (1/2)
 X - a phantom mirror


   Skills:
 - Level 18.8 Fighting
 - Level 8.2(9.7) Short Blades
 - Level 8.0(9.6) Long Blades
 - Level 7.0 Throwing
 - Level 15.1 Dodging
 - Level 4.0 Stealth
 - Level 14.7 Shields
 - Level 13.0 Spellcasting
 + Level 13.0 Invocations
 - Level 8.0 Evocations


You couldn't memorise any spells.
You knew the following spells:

 Your Spells              Type           Power      Damage    Failure   Level
a - Death Channel         Necr           45%        N/A       3%          6
b - Fulminant Prism       Conj/Hex       45%        3d20      1%          4
c - Enfeeble              Hex            45%        N/A       16%         7
d - Summon Lightning Spi  Summ/Air       90%        N/A       1%          4
e - Iskenderun's Mystic   Conj/Tloc      90%        2d18      1%          4
f - Eringya's Noxious Bo  Tmut/Pois      45%        N/A       3%          6
g - Orb of Destruction    Conj           45%        9d12      16%         7
h - Dazzling Flash        Conj/Hex       100%       N/A       1%          3
i - Magic Dart            Conj           100%       1d8       1%          1
j - Dispel Undead         Necr           90%        3d29      1%          4
k - Static Discharge      Conj/Air       100%       2-7/arc   1%          2
l - Iskenderun's Battles  Conj           90%        2d14      1%          5
m - Foxfire               Conj/Fire      100%       2x1d9     1%          1
n - Searing Ray           Conj           100%       2d8       1%          2
o - Summon Guardian Gole  Hex/Summ       90%        N/A       1%          3
Your spell library was empty.

Dungeon Overview and Level Annotations

Branches:
Dungeon (15/15)            Temple (0/1) D:6            Lair (5/5) D:11
  Swamp (4/4) Lair:2        Snake (4/4) Lair:3        Slime (0/5) Lair:5
    Orc (2/2) D:11         Vaults (4/5) D:14          Crypt (1/3) Vaults:3
 Depths (1/4) D:15
    Elf: Orc:2

Altars:
Fedhas
Nemelex Xobeh
Qazlal
Uskayaw
Xom
Yredelemnul
Jiyva

Shops:
D:14 [   Vaults:1 !   Vaults:2 (

Portals:
Hell: Depths:1
Pandemonium: Depths:1

Annotations:
D:4 2 transporters
D:11 3 runed translucent doors
Lair:1 2 transporters
Lair:5 1 runed translucent door
Swamp:1 1 runed translucent door, tarna41's ghost, journeyman MiBe
Swamp:2 Roxanne
Swamp:3 2 runed translucent doors, bakla's ghost, adept DsHW
Snake:1 2 transporters, Mimusiah's ghost, adept HOFi
Snake:2 2 transporters, Meok's ghost, adept MiFi
Orc:2 Sonja
Vaults:2 Boris


Innate Abilities, Weirdness & Mutations

You are immune to sickness and miasma.
You are immune to poison.
Your flesh is very heat resistant. (rF++)
You are vulnerable to cold. (rC-)
You float through the air rather than walking.
You learn spells naturally, not from books.
Your magical power is your life essence.
You have superior vitality. (+4 MHP)


Message History

Your briar patch is destroyed!
Your briar patch disappears in a puff of smoke!
The curse skull rattles its jaw.
Send 'em back where they came from!
Your briar patch disappears in a puff of smoke!
The vampire knight hits you with a +3 war axe.
The vampire knight bites you but does no damage.
The vampire knight hits you with a +3 war axe!!
* * * LOW HITPOINT WARNING * * *
The vampire knight completely misses you.
Casting: Dispel Undead (safe; 1% risk of failure)
Confirm with . or Enter, or press ? or * to list all spells.
Aiming: Dispel Undead (safe; 1% risk of failure)
Press: ? - help, Shift-Dir - straight line, f - vampire knight
Aim: a vampire knight, wielding a +3 war axe and wearing a +0 plate armour (moderately damaged, summoned, fast, 100% to hit)
The vampire knight is dispelled!!!
* * * LOW HITPOINT WARNING * * *
The curse skull rattles its jaw.
The vampire knight casts a spell at you.
You resist with almost no effort.
Okay, then.
You feel much better.
The vampire knight completely misses you.
The vampire knight closely misses you.
The curse skull calls on the powers of darkness!
Your body is wracked with pain!
* * * LOW HITPOINT WARNING * * *
You block the vampire knight's attack.
The vampire knight bites you but does no damage.
Unknown command.
The vampire knight attacks as you move away!
The vampire knight hits you with a +3 war axe!!
* * * LOW HITPOINT WARNING * * *
The vampire knight completely misses you.
A freezing wraith comes into view.
The jiangshi claws you!
* * * LOW HITPOINT WARNING * * *
The jiangshi claws you.
You die...
Fedhas appreciates your contribution to the ecosystem. . #.#.......#.#.##.## #. ....W..Wn.....WW.. #>. #..#W.Z.#...##.~# #..~.#..#zz###.### V.W

#..~.#......##z# ≈z.z
~..~.~......##.#
≈~.~≈
.~~.#......##.#z≈~.≈≈
... #..VV..##.W≈≈~.~≈
######.@..##.≈≈≈~.≈~
.........###.#≈≈≈...
#..~~~##!# #.##~≈~~~
.
##..~....###........
. W~~.~.~.....[.#
#~~~ ##.
~#~...~.#####.# ##~#
... ##~~....# #.#
#... .~.
....~.#..####.#
#.###W~.
###.#.#.....#.#
#.##..~.


You could see a vampire knight (summoned, fast), an eidolon (summoned), a
skeletal warrior, a jiangshi (summoned), a flayed ghost (summoned), a curse
skull (summoned), a phantasmal warrior (summoned), a freezing wraith and an iron
dragon zombie (summoned).

Vanquished Creatures
  Bai Suzhen (Vaults:4)
  A bone dragon (Swamp:4)
  Mlioglotl (Swamp:1)
  Asterion (Snake:1)
  Frances (D:14)
  Louise (Swamp:1)
  4 vault wardens
  6 ironbound preservers
  6 very ugly things
  A war gargoyle (Vaults:3)
  7 vampire knights
  2 eleionomae (Swamp:2)
  2 stone giants
  An ironbound thunderhulk (Vaults:3)
  7 dire elephants
  2 spark wasps (Depths:1)
  2 bunyips
  A deep elf death mage (Crypt:1)
  A crystal guardian (Vaults:3)
  6 yaktaur captains
  An eidolon (Crypt:1)
  An ettin (Depths:1)
  3 jiangshi (Vaults:3)
  A great orb of eyes (Vaults:4)
  A rakshasa (Depths:1)
  3 salamander tyrants (Snake:4)
  2 vault guards
  Harold (D:9)
  2 peacekeepers (Vaults:3)
  7 ironbound frosthearts
  A ghost crab (Swamp:3)
  A catoblepas (Lair:5)
  An ogre mage (D:14)
  9 centaur warriors
  9 hydras
  2 boulder beetles
  2 anacondas (Snake:4)
  2 alligators
  3 two-headed ogres
  5 death yaks (Lair:5)
  3 naga warriors
  5 vampire magi
  3 deep troll shamans (Depths:1)
  2 naga sharpshooters (Snake:4)
  4 orc high priests
  6 shock serpents
  A soul eater (Depths:1)
  Amaemon (D:11)
  An iron troll (Depths:1)
  A death drake (Swamp:2)
  A sea snake (Snake:3)
  The ghost of cforsyth the Summoner, a novice TeSu of Gozag (D:7)
  2 goliath frogs
  A skyshark (Lair:5)
  2 salamander mystics (Snake:4)
  A glowing orange brain (Vaults:4)
  3 naga ritualists
  7 ironbound convokers
  A spark wasp zombie (Crypt:1)
  A swamp dragon (Swamp:4)
  4 phantasmal warriors
  2 bog bodies
  35 deep trolls
  A spriggan druid (Swamp:1)
  2 harpies (Vaults:4)
  3 orc knights
  2 spectral hydras (Swamp:4)
  3 lindwurms (Snake:4)
  6 wizards
  9 mana vipers
  A deep elf pyromancer (D:12)
  A manticore (Lair:5)
  14 ugly things
  2 orc sorcerers
  A wolf spider (shapeshifter) (D:15)
  A cyclops (Orc:2)
  4 will-o-the-wisps (Swamp:2)
  2 human skeletons (Vaults:4)
  4 elephants
  17 salamanders
  3 vault sentinels
  Maurice (D:12)
  4 guardian serpents (Snake:4)
  2 gargoyles
  15 black mambas
  3 naga magi (Snake:4)
  5 cane toads
  2 swamp worm zombies (Swamp:4)
  A shock serpent skeleton (Crypt:1)
  9 yaktaurs
  A tormentor (Depths:1)
  3 meliai (D:13)
  5 polar bears (Lair:5)
  A red devil (Depths:1)
  7 hydra zombies (Swamp:4)
  5 trolls
  3 bloated husks (Swamp:4)
  7 hornets
  4 tyrant leeches
  2 alligator zombies (Swamp:4)
  3 blink frogs (Lair:5)
  A fire giant simulacrum (Vaults:4)
  2 raiju (Lair:5)
  A spectral swamp dragon (Swamp:4)
  2 dream sheep (Lair:3)
  A centaur simulacrum (D:14)
  Sigmund (D:2)
  A vampire (D:14)
  A ynoxinul (Depths:1)
  13 slime creatures
  7 spriggans
  A shadow (D:11)
  4 wraiths
  7 yaks
  2 wyverns
  A neqoxec (Depths:1)
  9 vampire mosquitoes
  A basilisk (D:15)
  11 swamp worms
  Menkaure (D:7)
  8 nagas
  9 wargs
  A harpy simulacrum (D:15)
  8 hell hounds (Lair:5)
  8 water moccasins
  9 orc warriors
  8 black bears (Lair:5)
  15 wolves
  4 ogres
  9 phantoms (Swamp:4)
  3 centaurs
  A kobold brigand (D:10)
  A lemure (D:9)
  2 bullfrogs
  2 gnoll sergeants
  2 necrophages
  A scorpion (D:5)
  An elf skeleton (Crypt:1)
  6 wights
  A killer bee (D:10)
  2 electric eels (Snake:3)
  5 howler monkeys
  6 jellies (D:14)
  4 hounds (D:6)
  2 orc priests
  Crazy Yiuf (D:4)
  2 iguanas
  11 orc wizards
  4 spectral swamp drakes (Swamp:4)
  2 hell rats (Lair:5)
  A naga zombie (Crypt:1)
  9 gnolls
  8 adders
  A swamp drake zombie (Swamp:4)
  A white imp (D:5)
  An ufetubus (D:7)
  A worm (D:3)
  5 dart slugs
  40 orcs
  9 ball pythons
  7 bats
  8 endoplasms
  A giant cockroach (D:4)
  7 goblins
  13 hobgoblins
  10 jackals
  11 kobolds
  4 quokkas
  3 frilled lizards (D:1)
  6 rats
  15 ballistomycete spores
  A foxfire (Lair:5)
  2 fulminant prisms (Swamp:1)
727 creatures vanquished.

Vanquished Creatures (collateral kills)
  A sphinx (Vaults:4)
  2 nagarajas (Snake:4)
  2 vault wardens
  3 ironbound preservers
  4 very ugly things
  4 ironbound thunderhulks
  3 bunyips
  A spark wasp (Depths:1)
  2 dire elephants
  A yaktaur captain (Vaults:3)
  2 great orbs of eyes
  A fire dragon (D:15)
  An ice dragon (D:15)
  A vault guard (Vaults:3)
  An ogre mage (D:15)
  7 salamander tyrants
  A catoblepas (Lair:1)
  2 centaur warriors
  A hydra (D:14)
  A rakshasa (Depths:1)
  2 ironbound frosthearts
  3 two-headed ogres
  3 boulder beetles
  2 death yaks (Lair:5)
  A tengu warrior (D:15)
  7 naga warriors
  6 naga sharpshooters
  Urug (D:10)
  A shock serpent (Snake:2)
  2 skysharks
  7 salamander mystics
  17 deep trolls
  Lodul (D:14)
  A spriggan druid (Swamp:2)
  3 sea snakes (Snake:3)
  3 naga ritualists
  4 bog bodies
  Pikel (D:9)
  6 ironbound convokers
  A harpy (Vaults:4)
  An orc knight (Orc:1)
  2 lindwurms
  A necromancer (Vaults:4)
  9 ugly things
  A wolf spider (Lair:5)
  4 mana vipers
  13 salamanders
  3 manticores
  5 cyclopes
  29 black mambas
  An elephant (shapeshifter) (D:15)
  4 guardian serpents
  9 naga magi
  A torpor snail (Lair:3)
  An orange demon (D:11)
  8 vault sentinels
  2 cane toads
  An efreet (D:14)
  18 yaktaurs
  2 tengu conjurers
  2 komodo dragons
  A kobold demonologist (D:12)
  3 tyrant leeches (Swamp:1)
  2 polar bears (Lair:5)
  3 trolls
  2 alligator zombies (Swamp:4)
  7 hornets
  A blink frog (Lair:5)
  3 dream sheep
  5 spriggans
  A yak (shapeshifter) (D:10)
  5 slime creatures
  A shadow (D:10)
  2 wraiths
  12 yaks
  4 basilisks
  Grum (D:7)
  A steam dragon (D:8)
  7 vampire mosquitoes
  2 wargs
  2 acid dragons
  5 swamp worms
  33 nagas
  5 water moccasins
  7 hell hounds (Lair:5)
  2 orc warriors
  3 black bears (Lair:5)
  A sky beast (D:8)
  8 wolves
  An ice beast (D:8)
  5 ogres (D:14)
  5 centaurs
  A human skeleton (Vaults:4)
  2 lemures (D:9)
  2 kobold brigands
  5 bullfrogs
  A necrophage (D:6)
  A gnoll sergeant (D:10)
  A water moccasin zombie (Crypt:1)
  5 wights
  7 killer bees
  2 howler monkeys
  3 jellies
  2 gnoll boudas
  A hound (D:6)
  An orc priest (Orc:2)
  9 orc wizards
  A hell rat (Lair:5)
  4 gnolls (D:7)
  A shadow imp (D:8)
  A white imp (D:8)
  An ufetubus (D:7)
  16 orcs
  5 endoplasms (D:14)
  4 kobolds
  396 ballistomycete spores
842 creatures vanquished.

Vanquished Creatures (others)
  A vault warden (Vaults:4)
  3 ironbound preservers
  An ironbound thunderhulk (Vaults:4)
  A yaktaur captain (Vaults:2)
  Josephine (D:10)
  2 hydras
  A ghost crab (Swamp:2)
  2 anacondas
  An ironbound frostheart (Vaults:1)
  A centaur warrior (D:15)
  A two-headed ogre (D:12)
  A death yak (Lair:5)
  An alligator (Swamp:3)
  4 naga sharpshooters
  3 naga warriors
  A shock serpent (Snake:2)
  A goliath frog (Swamp:3)
  6 deep trolls
  A sea snake (Snake:3)
  A lindwurm (Lair:5)
  2 mana vipers
  2 ugly things (Vaults:4)
  An elephant (Lair:5)
  A will-o-the-wisp (Swamp:3)
  3 guardian serpents
  8 black mambas
  A vault sentinel (Vaults:1)
  Joseph (D:9)
  A gargoyle (D:10)
  A cane toad (Lair:5)
  A naga mage (Snake:4)
  A komodo dragon (D:13)
  2 rime drakes (Lair:5)
  3 yaktaurs
  A burning bush (Lair:5)
  A tyrant leech (Swamp:1)
  2 polar bears (Lair:5)
  A troll (D:12)
  3 bloated husks
  3 hornets (Swamp:2)
  An alligator zombie (Swamp:4)
  A slime creature (D:14)
  A wyvern (D:8)
  2 spriggans
  A wraith (D:10)
  10 yaks
  A vampire mosquito (Swamp:1)
  2 swamp worms
  A warg (Orc:1)
  An acid dragon (D:8)
  12 nagas
  2 orc warriors
  2 centaurs
  4 wolves (Lair:5)
  2 ogres (D:14)
  A kobold brigand (D:8)
  A gnoll sergeant (D:7)
  2 wights (D:6)
  A killer bee (D:10)
  A gnoll bouda (D:8)
  2 hell rats (Lair:5)
  A gnoll (D:7)
  A shadow imp (D:6)
  An orc (Orc:1)
  35 ballistomycete spores
  488 foxfires
  65 fulminant prisms
  30 fungi
  56 plants
  11 toadstools (D:5)
  4 withered plants
816 creatures vanquished.

Grand Total: 2385 creatures vanquished

Notes
Turn   | Place    | Note
-------+----------+-------------------------------------------
     0 | D:1      | dolemite99 the Djinni Conjurer began the quest for the Orb.
     0 | D:1      | dolemite99 set off with the following spells memorised:
                  | Magic Dart, Searing Ray, Dazzling Flash, Fulminant Prism,
                  | Iskenderun's Mystic Blast.
     0 | D:1      | Reached XP level 1. HP: 15/15 MP: 0/0
    84 | D:1      | Reached skill level 1 in Fighting
    95 | D:1      | Reached XP level 2. HP: 21/22 MP: 0/0
   251 | D:1      | Reached XP level 3. HP: 26/28 MP: 0/0
   251 | D:1      | Learned a level 1 spell: Foxfire
   267 | D:1      | Reached skill level 2 in Fighting
   931 | D:1      | Found a faded altar of an unknown god.
   987 | D:1      | Prayed at the altar of an unknown god.
   987 | D:1      | Became a worshipper of Fedhas Madash
   987 | D:1      | Reached * piety under Fedhas
  1209 | D:1      | Reached XP level 4. HP: 25/34 MP: 0/0
  1339 | D:2      | Noticed Sigmund
  1345 | D:2      | Killed Sigmund
  1346 | D:2      | Reached skill level 4 in Fighting
  1346 | D:2      | Reached XP level 5. HP: 37/42 MP: 0/0
  1346 | D:2      | Learned a level 2 spell: Static Discharge
  1346 | D:2      | Reached XP level 6. HP: 43/48 MP: 0/0
  1812 | D:2      | Reached ** piety under Fedhas
  2188 | D:3      | Found a stormy altar of Qazlal.
  2496 | D:3      | Found a shimmering altar of Xom.
  2905 | D:3      | Identified the +5 leather armour of the Thinker {rC+ Will+
                  | Regen+}
  3332 | D:4      | Found a basalt altar of Yredelemnul.
  4085 | D:4      | Reached *** piety under Fedhas
  4132 | D:4      | Found a runed translucent door.
  4133 | D:4      | Noticed Crazy Yiuf
  4145 | D:4      | Killed Crazy Yiuf
  4146 | D:4      | Reached skill level 5 in Fighting
  4146 | D:4      | Reached XP level 7. HP: 46/54 MP: 0/0
  4146 | D:4      | Learned a level 3 spell: Summon Guardian Golem
  4161 | D:4      | Identified the +4 hammer of the Fox {distort, rPois rF+}
  4470 | D:4      | Found a transporter.
  4492 | D:4      | Found a transporter.
  4990 | D:5      | Entered Level 5 of the Dungeon
  5371 | D:5      | Reached skill level 5 in Spellcasting
  5443 | D:5      | Noticed a water moccasin
  5449 | D:5      | Killed a water moccasin
  5480 | D:5      | Reached XP level 8. HP: 60/61 MP: 0/0
  5535 | D:5      | Reached **** piety under Fedhas
  5997 | D:6      | Reached skill level 6 in Fighting
  6130 | D:6      | Found a staircase to the Ecumenical Temple.
  6146 | D:6      | Reached skill level 1 in Invocations
  6336 | D:6      | Reached skill level 5 in Invocations
  6336 | D:6      | Reached XP level 9. HP: 31/66 MP: 0/0
  6336 | D:6      | Learned a level 4 spell: Summon Lightning Spire
  7640 | D:6      | Found a hide-covered altar of Uskayaw.
  7642 | D:6      | Found a sparkling altar of Nemelex Xobeh.
  7997 | D:7      | Noticed Menkaure
  8244 | D:7      | Found a transporter.
  8303 | D:7      | Killed Menkaure
  8440 | D:7      | Found a transporter.
  8479 | D:7      | Identified the ring "Ureno" {rElec rF+ rC+ Will+ Dex+6}
  8483 | D:7      | Noticed cforsyth's ghost (novice TeSu)
  8514 | D:7      | Noticed Grum
  9804 | D:8      | Reached XP level 10. HP: 66/73 MP: 0/0
  9867 | D:8      | Reached skill level 7 in Fighting
 10666 | D:8      | Reached ***** piety under Fedhas
 11155 | D:8      | Reached skill level 5 in Long Blades
 11900 | D:9      | Reached skill level 8 in Fighting
 12001 | D:9      | Noticed Harold
 12015 | D:9      | Killed Harold
 12016 | D:9      | Reached XP level 11. HP: 71/81 MP: 0/0
 12016 | D:9      | Learned a level 4 spell: Dispel Undead
 12294 | D:9      | Noticed Joseph
 12401 | D:9      | Noticed Pikel
 12416 | D:9      | Killed Pikel
 12431 | D:9      | Reached skill level 5 in Dodging
 12456 | D:9      | Killed Joseph
 12952 | D:10     | Entered Level 10 of the Dungeon
 14379 | D:10     | Noticed Josephine
 14394 | D:10     | Killed Josephine
 14540 | D:10     | Noticed an orc knight
 14550 | D:10     | Noticed an orc knight
 14558 | D:10     | Killed an orc knight
 14559 | D:10     | Reached skill level 9 in Fighting
 14567 | D:10     | Killed an orc knight
 14568 | D:10     | Reached XP level 12. HP: 86/89 MP: 0/0
 14901 | D:10     | Noticed a centaur warrior
 14915 | D:10     | Killed a centaur warrior
 15580 | D:10     | Noticed Urug
 15593 | D:10     | Killed Urug
 16277 | D:11     | Found a staircase to the Orcish Mines.
 16282 | D:11     | Noticed a boulder beetle
 16539 | D:11     | Noticed Amaemon
 17192 | D:11     | Found a staircase to the Lair.
 17255 | D:11     | Killed Amaemon
 17500 | D:11     | Reached skill level 10 in Fighting
 17541 | D:11     | Killed a boulder beetle
 17587 | D:11     | Found a runed translucent gate.
 17587 | D:11     | Found a runed translucent gate.
 17587 | D:11     | Found a runed translucent gate.
 19009 | Lair:1   | Entered Level 1 of the Lair of Beasts
 19009 | Lair:1   | Noticed a catoblepas
 19031 | Lair:1   | Killed a catoblepas
 19185 | Lair:1   | Found a transporter.
 19185 | Lair:1   | Noticed a boulder beetle
 19186 | Lair:1   | Found a transporter.
 19186 | Lair:1   | Noticed a boulder beetle
 19290 | Lair:1   | Reached XP level 13. HP: 96/96 MP: 0/0
 19290 | Lair:1   | Learned a level 5 spell: Iskenderun's Battlesphere
 19912 | Lair:2   | You are sucked into a shaft and drop 1 floor!
 20015 | Lair:3   | Reached skill level 10 in Invocations
 20623 | Lair:2   | Noticed a four-headed hydra
 20631 | Lair:2   | Killed a four-headed hydra
 20946 | Lair:2   | Identified the +0 cloak of the Hart {rElec rPois Str-3
                  | Int+5}
 20950 | Lair:2   | Found a staircase to the Swamp.
 21631 | Lair:2   | Noticed a five-headed hydra
 21640 | Lair:2   | Killed a five-headed hydra
 22884 | D:7      | Killed cforsyth's ghost
 22885 | D:7      | Reached skill level 11 in Fighting
 22902 | D:7      | Killed Grum
 24097 | Lair:3   | Reached skill level 1 in Shields
 24791 | Lair:3   | Found a staircase to the Snake Pit.
 25976 | Lair:4   | Reached skill level 5 in Shields
 26743 | Lair:4   | Identified the +7 quarterstaff "Yfyfuhoc" {drain, MP+9
                  | Int+3 Dex+3}
 26896 | Lair:5   | Entered Level 5 of the Lair of Beasts
 26896 | Lair:5   | Noticed an eight-headed hydra
 27284 | Lair:5   | Noticed an eight-headed hydra
 27293 | Lair:5   | Killed an eight-headed hydra
 27294 | Lair:5   | Reached XP level 14. HP: 69/106 MP: 0/0
 27675 | Lair:5   | Identified the +2 trident "Embalmer" {flame, rPois Will++
                  | rCorr}
 27746 | Lair:5   | Reached skill level 12 in Fighting
 27815 | Lair:5   | Found a runed translucent door.
 27817 | Lair:5   | Noticed an azure jelly
 27818 | Lair:5   | Found a viscous altar of Jiyva.
 28174 | Lair:5   | Found a staircase to the Slime Pits.
 28604 | Lair:5   | Reached skill level 13 in Fighting
 29419 | Lair:5   | Reached skill level 10 in Dodging
 29871 | Lair:5   | Noticed a dire elephant
 29881 | Lair:5   | Killed a dire elephant
 31025 | Lair:5   | Reached XP level 15. HP: 97/115 MP: 0/0
 31025 | Lair:5   | Learned a level 6 spell: Death Channel
 32646 | Orc:1    | Entered Level 1 of the Orcish Mines
 33289 | Orc:2    | Entered Level 2 of the Orcish Mines
 33292 | Orc:2    | Noticed Sonja
 33300 | Orc:2    | Noticed an orc warlord
 33318 | Orc:2    | Reached skill level 1 in Throwing
 34627 | D:12     | Noticed Maurice
 34654 | D:12     | Killed Maurice
 36514 | D:14     | Reached skill level 10 in Spellcasting
 36521 | D:14     | Noticed Frances
 36529 | D:14     | Killed Frances
 37026 | D:14     | Noticed Lodul
 37059 | D:14     | Killed Lodul
 37163 | D:14     | Found Guusud's Armour Shoppe.
 37636 | D:14     | Bought a +2 pair of gloves of hurling for 322 gold pieces
 37785 | D:14     | Reached XP level 16. HP: 95/121 MP: 0/0
 38070 | D:14     | Found a gate to the Vaults.
 38636 | D:15     | Entered Level 15 of the Dungeon
 38708 | D:15     | Reached skill level 14 in Fighting
 39914 | D:15     | Found a staircase to the Depths.
 40495 | Snake:1  | Entered Level 1 of the Snake Pit
 40514 | Snake:1  | Found a transporter.
 40518 | Snake:1  | Noticed Mimusiah's ghost (adept HOFi)
 41183 | Snake:1  | Reached skill level 15 in Fighting
 41220 | Snake:1  | Found a transporter.
 41726 | Snake:1  | Noticed Asterion
 42583 | Snake:2  | Identified the +8 rapier "Bakeasur" {vamp, rElec Str+3
                  | Dex-4}
 42726 | Snake:2  | Found a transporter.
 42728 | Snake:2  | Noticed a nagaraja
 42729 | Snake:2  | Noticed Meok's ghost (adept MiFi)
 43129 | Snake:2  | Reached XP level 17. HP: 104/133 MP: 0/0
 43129 | Snake:2  | Learned a level 7 spell: Enfeeble
 43135 | Snake:2  | Reached skill level 16 in Fighting
 43595 | Snake:2  | Found a transporter.
 43639 | Snake:2  | Reached ****** piety under Fedhas
 44931 | Snake:3  | Reached skill level 15 in Dodging
 45092 | Snake:3  | Reached skill level 1 in Short Blades
 46602 | Snake:4  | Entered Level 4 of the Snake Pit
 46655 | Snake:4  | Reached skill level 5 in Short Blades
 47363 | Snake:4  | Reached XP level 18. HP: 135/141 MP: 0/0
 50558 | Snake:4  | Got a serpentine rune of Zot
 51014 | Swamp:1  | Entered Level 1 of the Swamp
 51307 | Swamp:1  | Reached skill level 10 in Shields
 51362 | Swamp:1  | Noticed Mlioglotl
 51504 | Swamp:1  | Noticed Louise
 51701 | Swamp:1  | Noticed a lich
 51707 | Swamp:1  | Killed Mlioglotl
 52126 | Swamp:1  | Found a runed translucent door.
 52126 | Swamp:1  | Noticed tarna41's ghost (journeyman MiBe)
 52188 | Swamp:1  | Killed Louise
 53906 | Swamp:2  | Reached XP level 19. HP: 120/147 MP: 0/0
 53906 | Swamp:2  | Learned a level 6 spell: Eringya's Noxious Bog
 54237 | Swamp:2  | Noticed Roxanne
 55673 | Swamp:3  | Found a large runed translucent door.
 55674 | Swamp:3  | Found a large runed translucent door.
 55682 | Swamp:3  | Noticed bakla's ghost (adept DsHW)
 55895 | Swamp:4  | Entered Level 4 of the Swamp
 56619 | Vaults:1 | Entered Level 1 of the Vaults
 56974 | Vaults:1 | Found Urchuad's Distillery.
 56983 | Vaults:1 | Bought a potion of curing for 63 gold pieces
 56983 | Vaults:1 | Bought a potion of brilliance for 84 gold pieces
 56983 | Vaults:1 | Bought a potion of might for 84 gold pieces
 56983 | Vaults:1 | Bought a potion of berserk rage for 105 gold pieces
 56983 | Vaults:1 | Bought a potion of berserk rage for 105 gold pieces
 56983 | Vaults:1 | Bought a potion of haste for 210 gold pieces
 56983 | Vaults:1 | Bought a potion of resistance for 210 gold pieces
 57208 | Vaults:1 | Reached skill level 17 in Fighting
 58985 | Vaults:1 | Reached skill level 18 in Fighting
 59394 | Vaults:1 | Identified the +0 cloak "Qana" {rCorr}
 61710 | Vaults:2 | Noticed Boris
 61725 | Vaults:2 | Found Qorchuthi's Weapon Shoppe.
 62083 | Vaults:3 | Reached XP level 20. HP: 134/157 MP: 0/0
 64946 | Vaults:3 | Reached skill level 5 in Throwing
 65800 | Snake:1  | Killed Asterion
 67129 | Vaults:3 | Found a staircase to the Crypt.
 67129 | Vaults:3 | Found a basalt altar of Yredelemnul.
 68968 | Vaults:4 | Reached skill level 5 in Evocations
 70468 | Vaults:4 | Reached XP level 21. HP: 163/163 MP: 0/0
 70468 | Vaults:4 | Learned a level 7 spell: Orb of Destruction
 70920 | Vaults:4 | Noticed Bai Suzhen
 70941 | Vaults:4 | Killed Bai Suzhen
 74182 | Swamp:4  | Identified the +6 rapier of the Vulture {flame, rC+ Will+
                  | Dex+3 Stlth+}
 75586 | Swamp:4  | Noticed a bone dragon
 75599 | Swamp:4  | Killed a bone dragon
 75670 | Swamp:4  | Got a decaying rune of Zot
 76024 | Depths:1 | Entered Level 1 of the Depths
 76139 | Depths:1 | Found a flickering gateway to a bazaar.
 76145 | Bazaar   | Entered a bazaar
 76145 | Bazaar   | Found Edwe Uclus's Weapon Shoppe.
 76155 | Bazaar   | Found Bockeer's Armour Shop.
 76179 | Bazaar   | Found Ynaqequ's Distillery.
 76194 | Bazaar   | Found Revveo Ubor's Assorted Antiques.
 76202 | Bazaar   | Bought a scroll labelled USUNNUENGA for 28 gold pieces
 76202 | Bazaar   | Bought a scroll labelled USUNNUENGA for 28 gold pieces
 76202 | Bazaar   | Bought a scroll of fear for 112 gold pieces
 76202 | Bazaar   | Bought a bone ring for 140 gold pieces
 76202 | Bazaar   | Bought a potion of haste for 280 gold pieces
 76202 | Bazaar   | Bought a wand of roots (8) for 537 gold pieces
 76243 | Bazaar   | Bought a potion of curing for 30 gold pieces
 76243 | Bazaar   | Bought a potion of curing for 30 gold pieces
 76243 | Bazaar   | Bought a potion of cancellation for 80 gold pieces
 76243 | Bazaar   | Bought a potion of might for 40 gold pieces
 76243 | Bazaar   | Bought a potion of attraction for 30 gold pieces
 76420 | Depths:1 | Found the +8 Vampire's Tooth {megavamp}
 77245 | Depths:1 | Found a one-way gate leading to the halls of Pandemonium.
 78155 | Depths:1 | Found a gateway to Hell.
 78173 | Depths:1 | Identified a scroll of acquirement
 78177 | Depths:1 | Acquired the ring of Muiwyedi {rF++ Will- AC+4 Int+8
                  | Stlth+}
 79584 | Crypt:1  | Entered Level 1 of the Crypt
 80563 | Crypt:1  | Reached XP level 22. HP: 138/171 MP: 0/0
 80682 | Crypt:1  | HP: 2/171 [jiangshi[a skeletal warrior] (9)]
 80682 | Crypt:1  | Slain by a jiangshi

Illustrated notes

Levels and vault maps discovered:
D:1:      scummos_arrival_simple_crosswalls, layout_basic,
          hellmonk_ecumenical_altar_dog_temple, serial_glass, glass_columns_a,
          glass_columns_b
D:2:      layout_basic, nicolae_hexahallways, grunt_decor_resistance,
          uniq_sigmund
D:3:      layout_loops_corners, mainiacjoe_overflow_surrounded_room,
          grunt_qazlal_clouds, serial_glass, glass_columns_a, glass_columns_c,
          minivault_19, serial_bayou_pond_b
D:4:      gammafunk_wand_slinger, layout_basic, yredelemnul_altar_generic,
          uniq_crazy_yiuf_cottage
D:5:      kb_forest_paths, layout_loops_ring, grunt_gozag_statues, tgw_fedhas
D:6:      layout_basic, grunt_temple_overflow_open, minmay_temple_entry_waves
D:7:      layout_rooms, gammafunk_ghost_gnarly_gnolls, uniq_menkaure
D:8:      layout_loops_corners, corexii_corridor_pit, minmay_joined_circles
D:9:      layout_basic, uniq_pikel, uniq_joseph, uniq_harold
D:10:     minmay_the_grid_plus_closed [minmay_the_grid_empty,
          minmay_the_grid_odd_star, minmay_the_grid_expand,
          minmay_the_grid_zigzag_pyramid, minmay_the_grid_prize_trominoes],
          layout_basic, uniq_josephine, uniq_urug
D:11:     layout_stronghold, lair_entry_dummy, minmay_orc_entry_guard_dogs,
          ploomutoo_gammafunk_ghost_potion_laboratory, st_stairs_13,
          uniq_amaemon
D:12:     layout_cave_pools, uniq_maurice
D:13:     layout_rooms
D:14:     lemuel_slime, layout_irregular_city, david_vaults_5, serial_shops,
          nicolae_shop_window_shopping, nicolae_vehumet_altar_sigil,
          portal_ice_cave_entry_pillars_three, st_stairs_11,
          grunt_ministairs_14, uniq_lodul, uniq_frances
D:15:     grunt_enter_depths_hoard, layout_basic, glass_columns_c, led_sif_pool
Lair:1:   gammafunk_boulding_lane, layout_cave_shapes
Lair:2:   layout_cave_pods, swamp_mist
Lair:3:   layout_long_grid, nicolae_snake_entry_squirm
Lair:4:   layout_regular_city, lemuel_fruit_fields
Lair:5:   hangedman_lair_in_review, layout_regular_city,
          hangedman_lair_caniforms_friends, slime_entry_2,
          chequers_serial_rivers_small_a, columned_hall_lemuel, minivault_26,
          evilmike_ambush [evilmike_ambush_outer_basic,
          evilmike_ambush_inner_pond]
Swamp:1:  layout_falls_marsh, gammafunk_ghost_grave,
          evilmike_swamp_ruin_rubble_2, uniq_mlioglotl, uniq_louise
Swamp:2:  layout_basic_swamp, nicolae_swamp_dense_foliage, uniq_roxanne
Swamp:3:  layout_basic_swamp, ebering_ghost_disaster_area,
          evilmike_swamp_ruin_house_4, swamp_pool3
Swamp:4:  swamp_pestilence, layout_basic_swamp
Snake:1:  layout_layer_cave, gammafunk_ghost_berserking_beasts, uniq_asterion
Snake:2:  layout_chambers, gammafunk_ghost_arena
Snake:3:  layout_cave_town, nicolae_snake_snake_lake
Snake:4:  snake_pit_salamanders_mu, layout_cave_town
Orc:1:    layout_diamond_mine, nicolae_orc_rich_vein
Orc:2:    grunt_orc_gardens, layout_caves, grunt_orc_garden, grunt_orc_garden,
          grunt_orc_garden, grunt_orc_garden, serial_shops, shop, uniq_sonja
Vaults:1: hangedman_vaults_snaps, v_misc_14, ontoclasm_vaults_claustrophobia,
          ontoclasm_vaults_misaligned, ontoclasm_vaults_idyll,
          vaults_mumra_chevron_long, vaults_room_door_ring,
          nicolae_vaults_theta, nicolae_vaults_theta,
          vaults_standard_mumra_enter_the_diamond, vaults_room_corners,
          v_misc_26, layout_vaults_quadrants, serial_shops,
          nicolae_lakefront_shop
Vaults:2: ontoclasm_vaults_pinch, ontoclasm_vaults_fault,
          nicolae_vaults_yaktaur_gun_rack, nicolae_vaults_little_ls,
          nicolae_vaults_theta, nicolae_vaults_ring_of_whatevers,
          ontoclasm_vaults_chip, v_misc_13, grunt_vaults_focal,
          ontoclasm_vaults_loading_screen, layout_vaults_omnicross,
          serial_shops, shop_statue, uniq_boris
Vaults:3: nicolae_vaults_disjoint_gnomons, grunt_vaults_funnel,
          minmay_crypt_entry_necro_gods, nicolae_vaults_windows_and_doors_thing,
          nicolae_vaults_circle_grid_a, v_misc_12,
          nicolae_vaults_know_your_exits, v_alt_pattern_5,
          ontoclasm_vaults_hangar, vaults_room_pool, hangedman_vaults_nodes,
          grunt_vaults_hallway_short, nicolae_vaults_little_squares_1,
          layout_vaults_omnibox
Vaults:4: hangedman_vaults_stretched_pinwheel, nicolae_vaults_rhombus_5,
          v_misc_16, nicolae_vaults_disjoint_gnomons, v_rooms_2,
          vaults_dpeg_diagonal, dpeg_vaults_monster_box,
          layout_vaults_chaotic_city, serial_glass, uniq_bai_suzhen
Crypt:1:  layout_basic
Depths:1: layout_basic, hell_entry, rand_demon_pan_entry_4, serial_shops,
          bzr_entry_dummy, serial_sigils_hangedman_confine,
          minmay_guarded_unrand_vampires_tooth, grunt_megastairs_1

Skill      XL: |  1  2  3  4  5  6  7  8  9 10 11 12 13 14 15 16 17 18 19 20 21 22 |
---------------+-------------------------------------------------------------------+-----
Fighting       | 1 2 4 5 6 8 9 10 11 13 15 16 18 | 18.8
Spellcasting   | 4 5 6 7 8 9 11 12 13 | 13.0
Invocations    | 5 7 9 11 12 13 | 13.0
Long Blades    | 5 7 8 |  8.0
Evocations     | 3 7 8 |  8.0
Dodging        | 6 8 11 13 15 | 15.1
Shields        | 5 12 13 14 | 14.7
Throwing       | 3 7 |  7.0
Stealth        | 4 |  4.0
Short Blades   | 7 8 |  8.2

Action                     |  1- 3 |  4- 6 |  7- 9 | 10-12 | 13-15 | 16-18 | 19-21 | 22-24 || total
---------------------------+-------+-------+-------+-------+-------+-------+-------+-------++-------
  Melee: Unarmed           |     4 |       |       |       |       |       |       |       ||     4
         Short sword       |     3 |       |       |       |       |       |       |       ||     3
         Flail             |       |    14 |    38 |    25 |       |       |       |       ||    77
         Mace              |       |     5 |       |       |       |       |       |       ||     5
         Punch             |       |       |     1 |     1 |       |       |       |       ||     2
         Scimitar          |       |       |       |     3 |    55 |    40 |    63 |     4 ||   165
         Staff             |       |       |       |    47 |    27 |    11 |     9 |       ||    94
         Rapier            |       |       |       |       |       |   250 |   424 |       ||   674
   Fire: Sling             |       |       |       |    16 |       |       |       |       ||    16
  Throw: Dart              |       |       |       |    22 |    25 |       |       |       ||    47
         Javelin           |       |       |       |       |     5 |       |       |       ||     5
         Boomerang         |       |       |       |       |     3 |    53 |   199 |    21 ||   276
         Throwing net      |       |       |       |       |     1 |       |       |       ||     1
   Cast: Magic Dart        |    53 |    57 |    34 |     3 |       |       |       |       ||   147
         Searing Ray       |     5 |     8 |    26 |     2 |     8 |     1 |       |       ||    50
         Foxfire           |       |    21 |    31 |     9 |   169 |    14 |     7 |       ||   251
         Static Discharge  |       |     2 |     1 |    17 |    15 |       |     2 |       ||    37
         Summon Guardian G |       |       |    18 |    45 |   111 |   129 |    87 |       ||   390
         Fulminant Prism   |       |       |     1 |    17 |     8 |    23 |    18 |       ||    67
         Summon Lightning  |       |       |    16 |    64 |   111 |   143 |   118 |       ||   452
         Dazzling Flash    |       |       |       |     8 |    11 |     8 |     5 |       ||    32
         Iskenderun's Myst |       |       |       |     1 |    13 |     2 |    15 |       ||    31
         Iskenderun's Batt |       |       |       |       |    19 |     3 |     3 |       ||    25
         Death Channel     |       |       |       |       |     6 |    38 |    24 |       ||    68
         Eringya's Noxious |       |       |       |       |       |       |    19 |       ||    19
         Enfeeble          |       |       |       |       |       |       |     8 |       ||     8
         Orb of Destructio |       |       |       |       |       |       |    62 |       ||    62
         Dispel Undead     |       |       |       |       |       |       |    54 |     2 ||    56
 Invoke: Wall of Briars    |       |       |     2 |     8 |    20 |    11 |     6 |     1 ||    48
         Grow Ballistomyce |       |       |     1 |    17 |    29 |    32 |    38 |       ||   117
         Grow Oklob        |       |       |       |       |       |     2 |       |       ||     2
         Overgrow          |       |       |       |       |       |       |     1 |       ||     1
  Evoke: Wand              |       |       |       |     3 |    27 |    21 |    24 |       ||    75
         Phantom mirror    |       |       |       |       |     4 |     5 |     3 |       ||    12
         Phial of floods   |       |       |       |       |     2 |     5 |     3 |       ||    10
         Lightning rod     |       |       |       |       |       |       |     7 |       ||     7
         Tin of tremorston |       |       |       |       |       |       |     2 |       ||     2
    Use: Scroll            |     2 |     5 |     9 |    15 |    25 |    12 |    22 |       ||    90
         Potion            |       |       |     1 |     6 |    12 |     9 |    12 |     1 ||    41
   Stab: Distracted        |       |       |       |     1 |       |     4 |    11 |       ||    16
         Confused          |       |       |       |       |       |     4 |     2 |       ||     6
         Invisible         |       |       |       |       |       |       |     7 |       ||     7
         Sleeping          |       |       |       |       |       |       |     1 |       ||     1
 Armour: Leather armour    |       |    17 |    82 |   131 |   185 |   129 |   191 |     4 ||   739
         Robe              |       |     2 |       |       |       |       |       |       ||     2
  Dodge: Dodged            |    20 |    44 |   141 |   218 |   493 |   440 |   543 |     6 ||  1905
         Repelled          |       |       |       |     2 |     9 |    26 |    18 |       ||    55
  Block: Buckler           |       |       |       |       |   108 |   126 |       |       ||   234
         Kite shield       |       |       |       |       |       |    89 |   523 |     8 ||   620

Table legend: (Time is in decaauts)
 A = Elapsed time spent in this place.
 B = Non-inter-level travel time spent in this place.
 C = Inter-level travel time spent in this place.
 D = Time resting spent in this place.
 E = Time spent auto-exploring this place.
 F = Levels seen in this place.
 G = Mean time per level.
                   A        B        C        D        E       F      G
               +--------+--------+--------+--------+--------+-----+--------+
         Total |  80721 |  76082 |   4639 |  41309 |  20925 |  37 | 2181.6 |
       Dungeon |  27481 |  25092 |   2389 |  12139 |   8650 |  15 | 1832.1 |
          Lair |  12669 |  11845 |    824 |   7042 |   3076 |   5 | 2533.8 |
         Swamp |   7190 |   6902 |    288 |   3795 |   1463 |   4 | 1797.5 |
     Snake Pit |  11377 |  11031 |    346 |   5519 |   2915 |   4 | 2844.2 |
  Orcish Mines |   1773 |   1709 |     64 |   1266 |    203 |   2 |  886.5 |
        Vaults |  17081 |  16386 |    695 |  10036 |   3612 |   4 | 4270.2 |
         Crypt |    197 |    197 |      0 |     50 |     35 |   1 |  197.0 |
        Depths |   2843 |   2813 |     30 |   1460 |    931 |   1 | 2843.0 |
        Bazaar |    105 |    105 |      0 |      0 |     39 |   1 |  105.0 |
               +--------+--------+--------+--------+--------+-----+--------+

Top non-repeatable levels by time:
Vaults:3: 5480 daAuts
  Lair:5: 5249 daAuts
Vaults:4: 4772 daAuts
 Snake:4: 4028 daAuts
Vaults:1: 3924 daAuts
    D:10: 3566 daAuts
    D:11: 3216 daAuts
Vaults:2: 2904 daAuts
Depths:1: 2843 daAuts
     D:8: 2736 daAuts
 Snake:2: 2562 daAuts
 Snake:1: 2533 daAuts
  Lair:2: 2396 daAuts
 Swamp:1: 2395 daAuts
    D:14: 2355 daAuts
